Map: Orbital Shipyard

Players

PlayDaMasta

  • Race: Protoss Protoss
  • League: Gold

Frozzen - Winner!

  • Race: Zerg Zerg
  • League: Gold

VOD

Have the link to the VOD?

Description

Time

  • Played on: Nov. 16, 2015, 5:52 p.m.
  • Length: 10:08
Show
View Real Time Build Order
Export as new Build Order

PlayDaMasta Protoss 

Build Orders:  

Get SALT Encoding   

  12  0:01  Probe (Chrono Boost)  
  13  0:11  Probe (Chrono Boost)  
  14  0:24  Probe (Chrono Boost), Pylon  
  15  0:42  Probe (Chrono Boost)  
  16  0:44  Gateway  
  16  0:51  Assimilator  
  16  0:52  Probe (Chrono Boost)  
  17  1:03  Probe (Chrono Boost)  
  18  1:14  Probe (Chrono Boost)  
  19  1:20  Pylon  
  19  1:25  Probe (Chrono Boost)  
  20  1:33  Cybernetics Core  
  20  1:35  Probe (Chrono Boost)  
  21  1:41  Assimilator  
  21  1:46  Probe (Chrono Boost)  
  22  1:57  Nexus  
  22  2:02  Probe (Chrono Boost)  
  23  2:08  Assimilator  
  23  2:11  Warp Gate (Chrono Boost)  
  23  2:12  Probe (Chrono Boost)  
  24  2:17  Adept  
  26  2:23  Probe (Chrono Boost)  
  27  2:40  Probe  
  28  2:44  Adept  
  28  2:51  Pylon  
  30  3:02  Pylon  
  30  3:04  Pylon  
  29  3:08  Mothership Core  
  31  3:18  Zealot  
  33  3:24  Probe  
  34  3:30  Probe  
  35  3:34  Probe  
  36  3:42  Probe  
  36  3:45  Probe  
  38  3:54  Probe  
  38  3:55  Probe  
  39  3:57  Robotics Facility  
  40  4:03  Gateway  
  40  4:04  Gateway  
  40  4:06  Probe x2  
  40  4:08  Zealot  
  44  4:16  Probe  
  45  4:35  Probe  
  45  4:37  Probe  
  45  4:46  Probe  
  45  4:49  Probe  
  45  4:51  Stalker  
  47  4:56  Observer  
  48  5:01  Probe  
  49  5:09  Pylon  
  49  5:14  Stalker  
  51  5:15  Zealot  
  51  5:16  Zealot  
  51  5:18  Probe  
  51  5:19  Probe  
  57  5:28  Probe  
  57  5:29  Assimilator  
  57  5:31  Probe  
  57  5:34  Assimilator  
  59  5:37  Pylon  
  59  5:39  Probe  
  60  5:43  Probe  
  60  5:49  Probe  
  61  5:55  Probe  
  63  6:00  Probe  
  64  6:07  Probe  
  64  6:10  Probe  
  65  6:12  Twilight Council  
  65  6:15  Nexus  
  65  6:17  Observer  
  67  6:19  Probe  
  67  6:21  Probe  
  69  6:29  Pylon  
  69  6:31  Probe x2  
  70  6:37  Stalker  
  70  6:38  Stalker x2  
  77  6:43  Probe  
  77  6:45  Probe  
  79  6:51  Robotics Facility  
  79  6:53  Observer  
  80  6:55  Blink  
  80  6:56  Probe  
  80  7:00  Probe  
  81  7:08  Probe  
  83  7:12  Stalker  
  85  7:18  Pylon  
  85  7:19  Pylon  
  85  7:22  Pylon  
  85  7:24  Assimilator  
  85  7:27  Gateway  
  85  7:29  Gateway  
  85  7:30  Assimilator  
  85  7:31  Gateway  
  85  7:32  Robotics Bay  
  85  7:36  Probe  
  86  7:37  Stalker x3  
  92  8:01  Zealot x3  
  98  8:08  Forge  
  98  8:09  Forge  
  98  8:26  Immortal x2  
  106  8:29  Probe  
  106  8:30  Probe x2  
  109  8:40  Probe  
  109  8:42  Probe  
  111  8:55  Probe  
  112  8:58  Probe  
  112  8:59  Probe  
  113  9:07  Probe  
  113  9:09  Observer x2  
  115  9:16  Stalker  
  117  9:17  Zealot  
  117  9:18  Zealot x3  
  124  9:33  Pylon  
  124  9:36  Pylon  
  124  9:37  Pylon  
  124  9:38  Pylon  
  120  9:40  Nexus  
  88  9:45  Zealot  
  88  9:46  Zealot x3  
  88  9:47  Zealot x2  
Show
View Real Time Build Order
Export as new Build Order

Frozzen Zerg - Winner!

Build Orders: Hatch First 

Get SALT Encoding   

  12  0:01  Drone  
  13  0:12  Overlord  
  13  0:18  Drone  
  14  0:31  Drone x2  
  16  0:50  Hatchery  
  16  0:53  Drone  
  16  0:56  Drone  
  17  1:00  Drone  
  18  1:14  Spawning Pool  
  18  1:17  Drone  
  18  1:20  Extractor  
  18  1:21  Drone  
  18  1:28  Drone  
  19  1:38  Overlord  
  19  2:01  Queen  
  19  2:02  Queen  
  19  2:03  Zergling x6  
  26  2:11  Drone  
  27  2:16  Drone  
  29  2:22  Drone  
  29  2:25  Drone  
  29  2:27  Metabolic Boost  
  30  2:32  Drone  
  31  2:37  Queen  
  31  2:41  Drone  
  34  2:45  Overlord  
  34  2:51  Drone  
  35  2:54  Drone  
  36  2:59  Overlord  
  36  3:04  Drone  
  37  3:11  Drone  
  38  3:19  Lair  
  36  3:22  Zergling x4  
  36  3:23  Drone x2  
  36  3:24  Drone x2  
  42  3:31  Overlord  
  42  3:33  Drone x2  
  44  3:43  Zergling x2  
  46  3:48  Drone x3  
  46  3:49  Drone x2  
  49  3:57  Drone x4  
  52  4:08  Drone x2  
  54  4:12  Extractor  
  54  4:13  Extractor  
  54  4:16  Evolution Chamber  
  50  4:17  Evolution Chamber  
  50  4:20  Zergling x2  
  50  4:21  Zergling x6  
  53  4:28  Roach Warren  
  53  4:29  Overseer  
  51  4:42  Drone x2  
  51  4:43  Drone x3  
  54  4:49  Zerg Missile Weapons Level 1, Hydralisk Den  
  53  4:52  Drone  
  53  4:53  Drone x3  
  56  5:03  Drone  
  57  5:12  Glial Reconstitution  
  57  5:15  Drone x2  
  57  5:16  Overlord x3  
  57  5:17  Hatchery, Overlord x2  
  58  5:21  Muscular Augments  
  58  5:56  Hydralisk x5  
  66  6:01  Extractor  
  66  6:03  Overlord x2  
  67  6:08  Drone x4  
  71  6:14  Hatchery  
  71  6:18  Zerg Ground Armor Level 1  
  70  6:26  Drone x5  
  70  6:27  Drone x3  
  70  6:31  Roach  
  80  6:41  Drone x4  
  80  6:42  Drone x2  
  80  6:45  Zerg Missile Weapons Level 2  
  86  6:48  Drone  
  86  6:54  Lurker Den  
  87  6:57  Extractor  
  87  6:59  Drone, Extractor  
  87  7:00  Drone x2  
  88  7:01  Spine Crawler, Roach  
  88  7:02  Roach x2  
  88  7:06  Zergling x2  
  94  7:12  Zergling x2  
  94  7:13  Zergling x8  
  99  7:24  Pneumatized Carapace  
  99  7:30  Drone x2  
  99  7:31  Drone  
  99  7:32  Drone  
  99  7:35  Zergling x12  
  99  7:36  Zergling x2  
  110  7:37  Spine Crawler  
  109  7:45  Hydralisk  
  109  7:46  Hydralisk x5  
  109  7:49  Overlord x6  
  121  8:02  Hydralisk x2  
  121  8:03  Hydralisk  
  121  8:05  Spore Crawler, Overlord x2  
  126  8:06  Overlord x2, Spine Crawler  
  126  8:09  Roach x3  
  126  8:10  Roach x2  
  135  8:13  Ravager  
  135  8:16  Ravager  
  137  8:27  Hatchery  
  136  8:44  Lurker x2  
  136  8:45  Lurker  
  136  8:46  Zergling x2  
  136  8:47  Zergling x38  
  136  8:48  Zergling x2  
  160  8:59  Roach x4  
  160  9:01  Hydralisk x2  
  172  9:17  Extractor  
  172  9:21  Spine Crawler, Extractor  
  172  9:22  Spore Crawler  
  168  9:25  Spore Crawler x2  
  168  9:29  Spore Crawler  
  168  9:30  Hydralisk  
  168  9:31  Hydralisk x9  
Tags
 
League
GoldGold
Matchup
PvZ
Replay Pack
21-11-15
Add a new tag
Caveats
  • Supply blocks, unpowered buildings, or Contaminate may cause inaccurate times.
  • Supply counts are checked every 10 seconds.